AoeStats
← Michi3052

Arena

507807306Analyzed
1v1 RM · 13d ago on Sep 19, 2026· 32m 36s· 2 players
Game mode
Random Map
Map size
Tiny (2 player)
Population
200
Speed
Normal
Resources
Standard
Victory
Conquest
Starting age
Dark Age
Ending age
Imperial Age
RankedLock teamsTeams togetherTeam positionsShared explorationLock speedFull tech treeHidden civsTurbo modeCheats
Victory
Defeat
🇪🇸 Turks · Spain
696
+15
🇪🇸 Romans · Spain
669
-15
Carloscba6669
3:48 Loom
10:05 Feudal Age
15:07 Castle Age
14:26 Stone Mining
20:40 Scale Barding Armor
25:27 Forging
25:16 Double-Bit Axe
25:38 Gold Mining
32:07 Imperial Age
30:54 Gold Shaft Mining
30:44 Horse Collar
Michi3052
12:25 Feudal Age
18:29 Castle Age
17:06 Double-Bit Axe
17:32 Gold Mining
26:24 Imperial Age
30:40 Fletching
Connection lost

Rejoining the realm…

Still unreachable

The connection could not be restored.

Session expired

The server has moved on; the page needs a fresh start.